 Dungeon Crawl Stone Soup version 0.28.0-43-g3370ac3207 (webtiles) character file.

Game seed: 5756874804299316103

856 safid the Cleaver (level 8, -13/66 HPs)
             Began as a Hill Orc Fighter on Mar 14, 2022.
             Was a Follower of Beogh.
             Killed from afar by a centaur (27 damage)
             ... with a bolt of acid
             ... on level 5 of the Dungeon.
             The game lasted 00:07:46 (4119 turns).

safid the Cleaver (Hill Orc Fighter)                Turns: 4119, Time: 00:07:47

Health: -13/66     AC: 13    Str: 21    XL:     8   Next: 2%
Magic:  8/8        EV:  5    Int:  8    God:    Beogh [*.....]
Gold:   178        SH:  4    Dex: 10    Spells: 7/7 levels left

rFire   . . .      SeeInvis .   a - +0 war axe
rCold   . . .      Faith    .   c - +0 buckler
rNeg    . . .      Spirit   .   y - +0 plate armour {rPois}
rPois   +          Reflect  .   u - +2 helmet
rElec   .          Harm     .   l - +0 cloak
rCorr   .          Rampage  .   o - +0 pair of gloves
Will    .....                   (no boots)
Stlth   ..........              n - amulet of regeneration
HPRegen 1.01/turn               (no ring)
MPRegen 0.11/turn               (no ring)

@: corroded
A: no striking features
a: Renounce Religion


You were on level 5 of the Dungeon.
You worshipped Beogh.
Beogh was aware of your devotion.
You visited 1 branch of the dungeon, and saw 5 of its levels.

You collected 178 gold pieces.

Inventory:

Hand Weapons
 a - a +0 war axe (weapon)
Missiles
 m - 8 poisoned darts (quivered)
Armour
 c - a +0 buckler (worn)
 l - a +0 cloak (worn)
 o - a +0 pair of gloves (worn)
 u - a +2 helmet (worn)
 y - a +0 plate armour of poison resistance (worn)
Jewellery
 n - an amulet of regeneration (around neck)
Scrolls
 f - a scroll of silence {unknown}
 h - 4 scrolls of identify {unknown}
 i - a scroll of enchant armour {unknown}
 k - 3 scrolls of immolation {unknown}
 p - a scroll of fog {unknown}
 q - 2 scrolls of magic mapping {unknown}
 s - 3 scrolls of vulnerability {unknown}
 v - a scroll of torment {unknown}
 w - a scroll of blinking {unknown}
 z - a scroll of amnesia {unknown}
Potions
 b - a potion of attraction {unknown}
 d - 2 potions of might
 e - a potion of brilliance {unknown}
 g - 2 potions of magic {unknown}
 j - a potion of degeneration {unknown}
 r - a potion of haste {unknown}
 t - a potion of curing {unknown}
 x - a potion of heal wounds {unknown}


   Skills:
 - Level 4.0 Fighting
 + Level 10.9 Axes
 - Level 4.0 Armour
 - Level 4.0 Shields


You had 7 spell levels left.
You didn't know any spells.
Your spell library contained the following spells:

 Spells                   Type           Power      Damage    Failure   Level
 Gell's Gravitas          Tloc           0%         N/A       100%        3
 Teleport Other           Tloc           0%         N/A       100%        3
 Dispersal                Tloc           0%         N/A       100%        6


Dungeon Overview and Level Annotations

Branches:
Dungeon (5/15)
 Temple: D:4-7

Altars:
Okawaru
Ru

Shops:
D:2 =   D:3 [


Message History

You are too injured to fight recklessly!
You are too injured to fight recklessly!
You are too injured to fight recklessly!
You are too injured to fight recklessly!
You are too injured to fight recklessly!
You are too injured to fight recklessly!
You are too injured to fight recklessly!
You are too injured to fight recklessly!
You are too injured to fight recklessly!
You are too injured to fight recklessly!
You are too injured to fight recklessly!
You are too injured to fight recklessly!
You are too injured to fight recklessly!
You are too injured to fight recklessly!
You are too injured to fight recklessly!
You are too injured to fight recklessly!
You are too injured to fight recklessly!
Unknown command.
Unknown command.
You barely miss the centaur.
The centaur unwields a +0 shortbow.
The centaur hits you but does no damage.
The centaur barely misses you.
Unknown command.
You slash the centaur!
The centaur is heavily wounded.
The centaur zaps a wand.
The bolt of acid hits you.
* * * LOW HITPOINT WARNING * * *
The acid corrodes you!
Unknown command.
You slash the centaur!
The centaur is almost dead.
The centaur hits you.
* * * LOW HITPOINT WARNING * * *
The centaur kicks you but does no damage.
The centaur hits you but does no damage.
The centaur closely misses you.
You barely miss the centaur.
The centaur is almost dead.
The centaur zaps a wand.
The bolt of acid hits you!!
You die...

.#.)..# ####.# #....#.....
(#...## ..#.# ####.#..... .#.#.#
# #####.#.# #.#.....
.#.#.##.#....?.#.#.#######.#...†.
.><..)...................).....>.
.#.#.#.......#.#.#'#######.######
.#.#.#####.#.# #.......# #)#
........##...###.......# #.#
#####.#.# #.....@......# #.#
......#.###..###c#'##### #.#
#...#.#..........#.# #.#
#._.#.#.####.###.#.# #.#
#...#.#.# #)# #.#.# #.# ......#.#
#.# #.#.# #.# #####.#.# #.###.#.#
#[# ........# #..##.#.# #.#
...###### ##)##.#.# #.#


You could see a centaur.

Vanquished Creatures
  An orc warrior (D:5)
  A black bear (D:5)
  A necrophage (D:5)
  A scorpion (D:5)
  A water moccasin zombie (D:5)
  2 hounds
  A centaur skeleton (D:5)
  4 iguanas
  2 orc wizards (D:5)
  A hound zombie (D:5)
  A hound skeleton (D:5)
  Robin (D:4)
  6 gnolls
  2 adders
  An adder skeleton (D:4)
  3 worms
  2 dart slugs (D:1)
  7 orcs
  7 endoplasms
  2 giant cockroaches
  13 goblins
  11 hobgoblins
  2 jackals (D:2)
  4 quokkas
  7 ball pythons
  5 bats
  5 frilled lizards
  13 kobolds
  7 rats
114 creatures vanquished.

Notes
Turn   | Place    | Note
-------+----------+-------------------------------------------
     0 | D:1      | safid the Hill Orc Fighter began the quest for the Orb.
     0 | D:1      | Reached XP level 1. HP: 19/19 MP: 1/1
   415 | D:1      | Reached XP level 2. HP: 27/27 MP: 2/2
   429 | D:1      | Reached skill level 3 in Axes
  1150 | D:1      | Reached XP level 3. HP: 31/33 MP: 1/3
  1463 | D:2      | Found Loneu's Jewellery Shop.
  1817 | D:2      | Reached XP level 4. HP: 40/40 MP: 4/4
  2003 | D:2      | Reached skill level 4 in Axes
  2453 | D:3      | Became a worshipper of Beogh the Brigand
  2489 | D:3      | Reached skill level 5 in Axes
  2557 | D:3      | Reached XP level 5. HP: 32/46 MP: 5/5
  2652 | D:3      | Found Koppoff's Antique Armour Boutique.
  3110 | D:4      | Reached skill level 6 in Axes
  3362 | D:4      | Reached * piety under Beogh
  3446 | D:4      | Reached XP level 6. HP: 52/52 MP: 6/6
  3455 | D:4      | Noticed Robin
  3465 | D:4      | Reached skill level 7 in Axes
  3503 | D:4      | Killed Robin
  3554 | D:4      | Found an iron altar of Okawaru.
  3756 | D:5      | Entered Level 5 of the Dungeon
  3791 | D:5      | Reached skill level 8 in Axes
  3855 | D:5      | Found a sacrificial altar of Ru.
  3914 | D:5      | Reached XP level 7. HP: 59/59 MP: 7/7
  3971 | D:5      | Reached skill level 9 in Axes
  4027 | D:5      | Reached skill level 10 in Axes
  4077 | D:5      | Reached XP level 8. HP: 66/66 MP: 8/8
  4119 | D:5      | Killed from afar by a centaur

Illustrated notes

Levels and vault maps discovered:
D:1:      dpeg_cavernosity, layout_basic
D:2:      layout_basic, serial_shops, shop_fountains
D:3:      layout_loops_ring, serial_shops, nicolae_shop_crystal, chequers_jeans
D:4:      layout_layer_cave, okawaru_gym_becter, uniq_robin
D:5:      layout_basic, mainiacjoe_overflow_cross_hatched

Skill      XL: |  1  2  3  4  5  6  7 |
---------------+----------------------+-----
Axes           | 3 5 6 8 10 | 10.9
Fighting       | 4 |  4.0
Armour         | 4 |  4.0
Shields        | 4 |  4.0

Action                   |  1- 3 |  4- 6 |  7- 9 || total
-------------------------+-------+-------+-------++-------
Melee: War axe           |   125 |   154 |    53 ||   332
Invok: Convert to Beogh  |       |     1 |       ||     1
  Use: Potion            |       |       |     1 ||     1
Armor: Scale mail        |    53 |    93 |    38 ||   184
       Plate armour      |       |       |     6 ||     6
Dodge: Dodged            |    73 |    70 |    28 ||   171
Block: Buckler           |    25 |    30 |    13 ||    68
